 Dungeon Crawl Stone Soup version 0.23-a0-396-g5214e5f (webtiles) character file.

7219 galech the Cleaver (level 10, -4/77 HPs)
             Began as a Demonspawn Fighter on Nov 2, 2018.
             Was an Initiate of Okawaru.
             Slain by a two-headed ogre
             ... wielding a +0 giant club
              (12 damage)
             ... on level 10 of the Dungeon.
             The game lasted 00:14:40 (11189 turns).

galech the Cleaver (Demonspawn Fighter)            Turns: 11189, Time: 00:14:41

Health: -4/77      AC: 20    Str: 16    XL:     10   Next: 87%
Magic:  10/10      EV:  4    Int: 10    God:    Okawaru [......]
Gold:   202        SH: 11    Dex: 21    Spells: 9/9 levels left

rFire    . . .     SeeInvis .   a - +0 war axe
rCold    . . .     Gourm    .   c - +0 shield
rNeg     . . .     Faith    .   o - +0 plate armour
rPois    +         Spirit   .   A - +1 hat
rElec    .         Reflect  .   C - +0 cloak
rCorr    .         Harm     .   (no gloves)
MR       .....                  (no boots)
Stlth    ..........             (no amulet)
HPRegen  0.22/turn              m - +2 ring of protection
MPRegen  0.12/turn              k - ring "Dyanlyke" {rPois Dex+5}

@: no status effects
A: claws 2, slimy green scales 2, powered by death 1
a: Renounce Religion


You were on level 10 of the Dungeon.
You worshipped Okawaru.
Okawaru was noncommittal.
You were very hungry.

You visited 2 branches of the dungeon, and saw 11 of its levels.

You collected 479 gold pieces.
You spent 277 gold pieces at shops.

Inventory:

Hand Weapons
 a - a +0 war axe (weapon)
Armour
 c - a +0 shield (worn)
 g - a +0 robe of cold resistance
 o - a +0 plate armour (worn)
 A - a +1 hat (worn)
 C - a +0 cloak (worn)
Jewellery
 i - an uncursed ring of see invisible
 k - the ring "Dyanlyke" (right claw) {rPois Dex+5}
   (You found it on level 9 of the Dungeon)

   [ring of poison resistance]

   It affects your dexterity (+5).
   It protects you from poison.
 m - a +2 ring of protection (left claw)
Wands
 b - a wand of paralysis (1)
 v - a wand of acid (10)
 y - a wand of polymorph (7)
Scrolls
 h - a scroll of immolation
 j - 6 scrolls of teleportation
 n - 2 scrolls of remove curse
 p - a scroll of fog
 s - 3 scrolls of fear
 w - 5 scrolls of amnesia
 B - 2 scrolls of magic mapping
 F - a scroll of identify
Potions
 d - a potion of invisibility
 l - 4 potions of magic
 q - 3 potions of ambrosia
 r - 2 potions of cancellation
 t - a potion of flight
 u - 7 potions of curing
 x - a potion of lignification
 z - 2 potions of heal wounds
 D - a potion of brilliance
Comestibles
 f - 15 rations


   Skills:
 + Level 6.7 Fighting
 + Level 10.8 Axes
 + Level 7.5 Armour
 + Level 1.2 Dodging
 + Level 0.7 Stealth
 + Level 7.0 Shields


You had 9 spell levels left.
You didn't know any spells.
Your spell library was empty.

Dungeon Overview and Level Annotations

Branches:
Dungeon (10/15)            Temple (1/1) D:7
   Lair: D:8-11         Orc: D:9-12

Altars:
Ashenzari
Cheibriados
Dithmenos
Elyvilon
Fedhas
Gozag
Hepliaklqana
Kikubaaqudgha
Makhleb
Nemelex Xobeh
Okawaru
Qazlal
Ru
Sif Muna
Trog
Uskayaw
Vehumet
Wu Jian
Xom
Yredelemnul
Zin
The Shining One

Shops:
D:6 (?*(   D:8 *   D:10 :

Annotations:
D:3 1 runed door, XanderDroid's ghost, weakling GnWz


Innate Abilities, Weirdness & Mutations

You have very sharp fingernails.
You are mostly covered in slimy green scales. (AC +3)
You regenerate a little health from kills.


Message History

The orc priest calls down the wrath of Beogh upon you.
Pain shoots through your body!
The bullfrog hits you but does no damage.
You slash the two-headed ogre!
The two-headed ogre is moderately wounded.
You barely miss the bullfrog. You block the two-headed ogre's attack.
The two-headed ogre hits you with a +0 giant spiked club.
The bullfrog hits you but does no damage.
The orc priest mumbles some strange prayers to Beogh against you.
Beogh smites you!
* * * LOW HITPOINT WARNING * * *
Your plate armour prevents you from hitting the two-headed ogre.
The two-headed ogre is moderately wounded.
Your shield and plate armour prevent you from hitting the bullfrog.
You block the bullfrog's attack.
An orc comes into view. It is wielding a +0 whip.
The two-headed ogre hits you with a +0 giant club.
* * * LOW HITPOINT WARNING * * *
The two-headed ogre hits you with a +0 giant spiked club!
You die...

#.....o..#
#........#
#........#
#.....o..#
##.....oo.+
..........#
......O)..#
......F@..#
########'##...#
+.....!.o.#...#
....#.<....o..#...#
...#.........#...#
....#...O.....#...#
...#......o..#...#
###..#(........#...#
..#..#.........#.).#


You could see a two-headed ogre, a bullfrog, an orc priest and 3 orcs.

Vanquished Creatures
  A two-headed ogre (D:9)
  An unseen horror (D:10)
  Pikel (D:5)
  A hornet (D:8)
  A troll (D:8)
  Grinder (D:6)
  Prince Ribbit (D:6)
  6 slime creatures
  A hippogriff (D:9)
  A hungry ghost (D:7)
  A hornet zombie (D:9)
  A black bear (D:7)
  An ice beast (D:7)
  A necrophage (D:5)
  3 orc warriors
  An ogre (D:9)
  A phantom (D:5)
  3 centaurs
  4 big kobolds
  4 bullfrogs
  A wyvern skeleton (D:7)
  3 scorpions
  4 wights (D:6)
  4 howler monkeys
  A crimson imp (D:5)
  A quasit (D:8)
  4 hounds
  Crazy Yiuf (D:6)
  8 jellies
  2 centaur skeletons
  An orc priest (D:7)
  2 iguanas
  8 orc wizards
  2 bullfrog skeletons
  5 worker ants
  A hound zombie (D:6)
  7 gnolls (D:4)
  7 adders
  A shadow imp (D:6)
  10 oozes
  3 adder skeletons
  5 worms
  4 dart slugs
  5 leopard geckos
  27 orcs
  5 bats
  4 giant cockroaches
  8 goblins
  9 hobgoblins
  6 jackals
  16 kobolds
  3 quokkas
  4 frilled lizards
  A jackal skeleton (D:5)
  A leopard gecko skeleton (D:6)
  5 rats
214 creatures vanquished.

Vanquished Creatures (others)
  2 slaves (D:6)
  2 bullfrogs (D:6)
  A crimson imp (D:6)
  A bullfrog skeleton (D:6)
  An orc wizard (D:6)
  A centaur skeleton (D:6)
  A hound (D:6)
  3 fungi (D:7)
  7 toadstools (D:7)
19 creatures vanquished.

Grand Total: 233 creatures vanquished

Notes
Turn   | Place    | Note
-------+----------+-------------------------------------------
     0 | D:1      | galech the Demonspawn Fighter began the quest for the Orb.
     0 | D:1      | Reached XP level 1. HP: 18/18 MP: 1/1
    96 | D:1      | Gained mutation: You are partially covered in slimy green
                  | scales. (AC +2) [demonic ancestry]
    96 | D:1      | Reached XP level 2. HP: 13/24 MP: 2/2
   284 | D:1      | Reached skill level 2 in Axes
   318 | D:1      | Gained mutation: You regenerate a little health from kills.
                  | [demonic ancestry]
   318 | D:1      | Reached XP level 3. HP: 24/29 MP: 3/3
   702 | D:2      | Found a shattered altar of Ashenzari.
  1069 | D:2      | Reached XP level 4. HP: 37/37 MP: 4/4
  1461 | D:3      | Found a runed door.
  1461 | D:3      | Noticed XanderDroid's ghost (weakling GnWz)
  1484 | D:3      | Reached skill level 3 in Axes
  1675 | D:4      | Reached XP level 5. HP: 29/42 MP: 5/5
  2025 | D:4      | Gained mutation: You are mostly covered in slimy green
                  | scales. (AC +3) [demonic ancestry]
  2025 | D:4      | Reached XP level 6. HP: 45/48 MP: 6/6
  2029 | D:4      | Reached skill level 4 in Axes
  2506 | D:5      | Entered Level 5 of the Dungeon
  2908 | D:5      | Gained mutation: You have sharp fingernails. [demonic
                  | ancestry]
  2908 | D:5      | Reached XP level 7. HP: 37/54 MP: 7/7
  3036 | D:5      | Reached skill level 5 in Axes
  3647 | D:6      | Found Taoffuv's Magic Scroll Emporium.
  3648 | D:6      | Noticed Pikel
  3654 | D:6      | Noticed Grinder
  3676 | D:5      | Killed Pikel
  3676 | D:5      | Reached skill level 6 in Axes
  3676 | D:5      | Gained mutation: You have very sharp fingernails. [demonic
                  | ancestry]
  3676 | D:5      | Reached XP level 8. HP: 21/61 MP: 8/8
  3888 | D:6      | Paralysed by Grinder for 5 turns
  3897 | D:6      | Paralysed by Grinder for 7 turns
  3924 | D:6      | Paralysed by Grinder for 4 turns
  3931 | D:6      | Killed Grinder
  3931 | D:6      | Reached skill level 5 in Armour
  3974 | D:6      | Bought a scroll of identify for 20 gold pieces
  3974 | D:6      | Bought a scroll of identify for 20 gold pieces
  4007 | D:6      | Reached skill level 7 in Axes
  4132 | D:6      | Found Voschuppe's General Store.
  4149 | D:6      | Bought a scroll of magic mapping for 45 gold pieces
  4149 | D:6      | Bought a scroll of identify for 26 gold pieces
  4149 | D:6      | Bought a scroll of identify for 26 gold pieces
  4171 | D:6      | Reached skill level 5 in Shields
  4301 | D:6      | Found Cifeul's Antique Weapon Shop.
  4340 | D:6      | Noticed Prince Ribbit
  4439 | D:6      | Found a runed door.
  4546 | D:6      | Noticed Crazy Yiuf
  4555 | D:6      | Killed Crazy Yiuf
  4591 | D:6      | Killed Prince Ribbit
  4600 | D:6      | Reached skill level 8 in Axes
  4603 | D:6      | Reached skill level 5 in Fighting
  4603 | D:6      | Reached XP level 9. HP: 27/68 MP: 9/9
  4846 | D:6      | Found Test's Weapon Shoppe.
  5707 | D:6      | Reached skill level 9 in Axes
  6084 | D:7      | Reached skill level 1 in Dodging
  6434 | D:7      | Found a staircase to the Ecumenical Temple.
  6439 | Temple   | Entered the Ecumenical Temple
  7071 | D:8      | Found Zubios's Assorted Antiques.
  7081 | D:8      | Bought a scroll of identify for 56 gold pieces
  7081 | D:8      | Bought a scroll of teleportation for 84 gold pieces
  7223 | D:8      | Reached XP level 10. HP: 60/76 MP: 10/10
  7371 | D:8      | Paralysed by a hornet for 2 turns
  8080 | D:8      | Found an opulent altar of Gozag.
  8552 | D:8      | Reached skill level 10 in Axes
  9559 | D:9      | Noticed a two-headed ogre
  9613 | D:9      | Got a brightly glowing amber ring
  9816 | D:9      | Identified the ring "Dyanlyke" {rPois Dex+5} (You found it
                  | on level 9 of the Dungeon)
 10621 | D:9      | Killed a two-headed ogre
 10834 | D:9      | Found an iron altar of Okawaru.
 10834 | D:9      | Found a hazy altar of Hepliaklqana.
 10834 | D:9      | Found a glowing silver altar of Zin.
 10845 | D:9      | Became a worshipper of Warmaster Okawaru
 11032 | D:10     | Entered Level 10 of the Dungeon
 11032 | D:10     | Noticed a two-headed ogre
 11067 | D:10     | Found Mihelaep's Book Boutique.
 11124 | D:10     | Noticed an unseen horror
 11143 | D:10     | Killed an unseen horror
 11189 | D:10     | Slain by a two-headed ogre

Vault maps used:
D:1:      dpeg_arrival_simpleton_b
D:2:      lemuel_doored_altar
D:3:      hellmonk_ghost_happy_afterlife
D:4:      item_on_display_a
D:5:      cheibrodos_helix_gallery, first_ration
D:6:      serial_shops, shop, shop, shop, shop, chequers_serial_rivers_micro_e,
          uniq_prince_ribbit1, uniq_pikel, uniq_crazy_yiuf_cottage, uniq_grinder
D:7:      cheibrodos_fertilizer, temple_statues
D:8:      serial_shops, shop, hangedman_little_slice_of_home,
          nicolae_gozag_cash_rules_everything_around_me
D:9:      gammafunk_temple_overflow_claw, serial_co_window_serial,
          co_window_corner_a, co_window_of_opportunity_a, co_window_corner_a,
          co_window_corner_a, co_window_paths_b, co_window_corner_b,
          co_window_of_opportunity_c, co_window_of_opportunity_b,
          co_window_corner_cb, co_window_broadway_c, co_window_paths_c,
          glass_columns_a, minmay_misc_feat_doors
D:10:     kennysheep_orc_monster_closet_entryway, serial_shops,
          nicolae_shop_crystal
Temple:   hc_temple_tempest_star

Skill      XL: |  1  2  3  4  5  6  7  8  9 10 |
---------------+-------------------------------+-----
Armour         | 3 4 5 6 7 |  7.5
Axes           | 2 3 4 6 8 9 10 | 10.8
Shields        | 3 4 5 6 7 |  7.0
Fighting       | 4 5 6 |  6.7
Dodging        | 1 |  1.2
Stealth        | |  0.7

Action                   |  1- 3 |  4- 6 |  7- 9 | 10-12 || total
-------------------------+-------+-------+-------+-------++-------
Melee: War axe           |   124 |   232 |   500 |   324 ||  1180
  Use: Scroll            |       |     8 |     9 |     3 ||    20
       Potion            |       |       |     4 |     2 ||     6
  Eat: Chunk             |     1 |     6 |    20 |     8 ||    35
       Ration            |       |       |     1 |     1 ||     2
Armor: Scale mail        |    41 |       |       |       ||    41
       Plate armour      |    45 |   190 |   306 |   213 ||   754
Dodge: Dodged            |    27 |    22 |    46 |    50 ||   145
Block: Shield            |    66 |   137 |   253 |   188 ||   644

Table legend:
 A = Non-vault XP
 B = Vault XP
 C = Vault XP percentage of total XP
 D = Non-vault monster count
 E = Vault monster count
 F = Vault count percentage of total count
                 A         B        C        D         E       F
            +---------+---------+-------+---------+---------+-------
      Total |    8244 |    2069 |  20.1 |     186 |      28 |  13.1
            +---------+---------+-------+---------+---------+-------
        D:1 |      47 |       0 |   0.0 |      22 |       0 |   0.0
        D:2 |      50 |       0 |   0.0 |      19 |       0 |   0.0
        D:3 |      70 |       0 |   0.0 |      24 |       0 |   0.0
        D:4 |     266 |       0 |   0.0 |      15 |       0 |   0.0
        D:5 |     568 |     598 |  51.3 |      16 |       3 |  15.8
        D:6 |     919 |     568 |  38.2 |      20 |       3 |  13.0
        D:7 |    1338 |     741 |  35.6 |      24 |      14 |  36.8
        D:8 |    1852 |     162 |   8.0 |      26 |       8 |  23.5
        D:9 |    2256 |       0 |   0.0 |      14 |       0 |   0.0
       D:10 |     878 |       0 |   0.0 |       6 |       0 |   0.0
            +---------+---------+-------+---------+---------+-------
